 Seeded DCSS version 0.30.1-11-g7821555f0a (webtiles) character file.

Game seed: 6245884229887761738 (custom seed)

23 Psyclone the Conjurer (level 2, 6/15 HPs)
             Began as a Deep Elf Conjurer on Nov 9, 2023.
             Was an Initiate of Gozag.
             Quit the game on level 3 of the Dungeon.
             The game lasted 00:02:47 (439 turns).

Psyclone the Conjurer (Deep Elf Conjurer)            Turns: 439, Time: 00:02:47

Health: 6/15       AC:  5    Str:  4    XL:     2   Next: 75%
Magic:  0/8        EV: 12    Int: 25    God:    Gozag
Gold:   52         SH:  0    Dex: 13    Spells: 2/7 levels left

rFire   . . .        (no weapon)
rCold   . . .        (no shield)
rNeg    . . .        a - +0 robe
rPois   .            e - +2 helmet {Int+3}
rElec   .            (no cloak)
rCorr   .            (no gloves)
SInv    .            (no boots)
Will    .....        (no amulet)
Stlth   ++           (no ring)
HPRegen 0.22/turn    (no ring)
MPRegen 0.11/turn

%: no passive effects
@: gold aura
A: no striking features
a: Renounce Religion, Potion Petition, Call Merchant, Bribe Branch


You were on level 3 of the Dungeon.
You worshipped Gozag.
Gozag was noncommittal.
You visited 1 branch of the dungeon, and saw 3 of its levels.

You collected 52 gold pieces.

Inventory:

Armour
 a - a +0 robe (worn)
 e - a +2 helmet of intelligence (worn)
Jewellery
 c - an amulet of magic regeneration
Scrolls
 d - 3 scrolls of identify {unknown}
Potions
 b - a potion of magic
 f - a potion of attraction {unknown}


   Skills:
 - Level 2.4 Dodging
 - Level 2.4 Stealth
 - Level 3.0 Spellcasting
 - Level 5.3 Conjurations
 + Level 0.2 Transmutations
 + Level 0.2 Earth Magic


You had 2 spell levels left.
You knew the following spells:

 Your Spells              Type           Power      Damage    Failure   Level
a - Magic Dart            Conj           100%       1d8       1%          1
b - Searing Ray           Conj           60%        2d6       1%          2
c - Passwall              Tmut/Erth      3%         N/A       14%         2

Your spell library contained the following spells:

 Spells                   Type           Power      Damage    Failure   Level
 Sandblast                Erth           8%         2d5       10%         1
 Stone Arrow              Conj/Erth      34%        3d9       10%         3
 Dazzling Flash           Conj/Hex       34%        N/A       11%         3
 Fulminant Prism          Conj/Hex       8%         3d7       34%         4
 Iskenderun's Mystic Bla  Conj/Tloc      17%        2d5       34%         4


Dungeon Overview and Level Annotations

Branches:
Dungeon (3/15) Zot: 17561

Altars:
Gozag


Message History

You kill the orc!
You now have 1/8 mp.
Casting: Magic Dart (safe; 1% risk of failure)
Confirm with . or Enter, or press ? or * to list all spells.
Aiming: Magic Dart (safe; 1% risk of failure)
Press: ? - help, Shift-Dir - straight line, f - orc
Aim: an orc, wielding a +0 hand axe (100% to hit)
The magic dart hits the orc!
The orc is almost dead.
The orc closely misses you.
You now have 0/8 mp.
Casting: Magic Dart (safe; 1% risk of failure)
Confirm with . or Enter, or press ? or * to list all spells.
You don't have enough magic to cast this spell.
Unknown command.
Casting: Magic Dart (safe; 1% risk of failure)
Confirm with . or Enter, or press ? or * to list all spells.
You don't have enough magic to cast this spell.
Unknown command.
Casting: Magic Dart (safe; 1% risk of failure)
Confirm with . or Enter, or press ? or * to list all spells.
You don't have enough magic to cast this spell.
Unknown command.
Casting: Magic Dart (safe; 1% risk of failure)
Confirm with . or Enter, or press ? or * to list all spells.
You don't have enough magic to cast this spell.
Unknown command.
Casting: Magic Dart (safe; 1% risk of failure)
Confirm with . or Enter, or press ? or * to list all spells.
You don't have enough magic to cast this spell.
Unknown command.
The orc attacks as you move away! The orc hits you with a +0 hand axe.
You take 4 damage, and have 11/15 hp.
MASSIVE DAMAGE!!
The orc misses you. The orc attacks as you move away!
The orc hits you with a +0 hand axe.
A hound comes into view.
You take 6 damage, and have 6/15 hp.
MASSIVE DAMAGE!!
Unknown command.
Unknown command.
Are you sure you want to abandon this character and quit the game? (Confirm with "yes".)

###..# #.#
......#####.####
S............. #......
...# ####..##.###$#
#............## .....#
..............# .....#
......##o####.##.....#
.......@.......#.h...#
.........####..#...h.#
####.....# #..#.....#
####.....# #...#
......h..# #.#.#
###....## #.#.# #....#
#.#.# #....# #####
#....#


You could see a hound (wandering) and an orc.

Vanquished Creatures
  An adder (D:2)
  An orc (D:3)
  2 bats (D:1)
  3 endoplasms (D:1)
  A hobgoblin (D:2)
  A quokka (D:1)
  A ball python (D:3)
  2 kobolds
  2 rats (D:1)
14 creatures vanquished.

Notes
Turn   | Place    | Note
-------+----------+-------------------------------------------
     0 | D:1      | Psyclone the Deep Elf Conjurer began the quest for the Orb.
     0 | D:1      | Reached XP level 1. HP: 10/10 MP: 6/6
    76 | D:1      | Found a faded altar of an unknown god.
    98 | D:1      | Prayed at the altar of an unknown god.
    98 | D:1      | Became a worshipper of Gozag Ym Sagoz the Greedy
   103 | D:1      | Reached XP level 2. HP: 15/15 MP: 6/8
   153 | D:2      | Learned a level 2 spell: Searing Ray
   183 | D:2      | Learned a level 2 spell: Passwall
   204 | D:2      | Reached skill level 5 in Conjurations
   439 | D:3      | Quit the game

Illustrated notes

Levels and vault maps discovered:
D:1:      dpeg_arrival_arbitrary_a, layout_rooms,
          shapermc_ecumenical_altar_mp_highgroup, hangedman_abyss_or_decor_stabs
D:2:      layout_loops_cross, uniq_natasha
D:3:      layout_basic, nicolae_hepliaklqana_hazy_memory,
          nicolae_elyvilon_temple_path, mainiacjoe_overflow_small_starburst,
          gup_sewer_entry_pipe, dreamdust_princess_bridge, st_stairs_12,
          uniq_terence

Skill      XL: |  1  2 |
---------------+-------+-----
Conjurations   | 5 |  5.3
Dodging        | |  2.4
Stealth        | |  2.4
Spellcasting   | |  3.0
Transmutations | |  0.2
Earth Magic    | |  0.2

Action                     || total
---------------------------++-------
   Cast: Magic Dart        ||    14
         Passwall          ||     6
         Searing Ray       ||     3
 Armour: Robe              ||     3
  Dodge: Dodged            ||     6
